 Dungeon Crawl Stone Soup version 0.31.0-12-g77e489cdc1 (webtiles) character file.

Game seed: 12930163875082536693

921 Arctor the Magician (level 7, -20/54 HPs)
             Began as a Deep Elf Fire Elementalist on Feb 21, 2024.
             Demolished by a large slime creature (33 damage)
             ... on level 5 of the Dungeon.
             The game lasted 00:03:56 (4150 turns).

Arctor the Magician (Deep Elf Fire Elementalist)    Turns: 4150, Time: 00:03:56

Health: -20/54     AC:  0    Str:  2 (5)  XL:     7   Next: 84%
Magic:  12/18      EV: 14    Int: 22      God:
Gold:   188        SH:  0    Dex: 13 (15) Spells: 12/18 levels left

rFire   . . .        g - +0 dagger
rCold   . . .        m - orb {*channel}
rNeg    . . .        a - +0 robe
rPois   .            (no helmet)
rElec   .            (no cloak)
rCorr   .            p - +1 Delatra's gloves {ID++}
SInv    .            (no boots)
Will    .....        (no amulet) Stlth
                     (no ring)
HPRegen 0.29/turn    (no ring)
MPRegen 0.16/turn

%: channel magic (20%)
@: berserking, corroded, very quick
A: no striking features
a: no special abilities


You were on level 5 of the Dungeon.
You visited 1 branch of the dungeon, and saw 4 of its levels.

You collected 188 gold pieces.

Inventory:

Hand Weapons
 g - a +0 dagger (weapon)
 r - a +0 shortbow
Armour
 a - a +0 robe (worn)
 m - an orb of energy (worn)
 p - the +1 Delatra's gloves (worn) {ID++}
   (You found it on level 3 of the Dungeon)

   ID++:      It heals its wearer when they drink unknown potions, and restores
   their MP when they read unknown scrolls.
Jewellery
 t - an amulet of guardian spirit
Wands
 i - a wand of polymorph (16)
Scrolls
 c - a scroll of identify {unknown}
 d - 2 scrolls of teleportation
 e - a scroll of noise {unknown}
 f - a scroll of torment
 j - a scroll of acquirement {unknown}
 k - a scroll of brand weapon
 l - a scroll of vulnerability {unknown}
 u - a scroll of enchant weapon {unknown}
 v - a scroll of enchant armour {unknown}
Potions
 b - a potion of magic
 h - 2 potions of degeneration
 q - 2 potions of haste {unknown}
 s - a potion of attraction {unknown}


   Skills:
 + Level 5.3 Dodging
 + Level 5.7 Stealth
 + Level 6.0 Spellcasting
 + Level 4.4 Conjurations
 + Level 5.4 Fire Magic


You had 12 spell levels left.
You knew the following spells:

 Your Spells              Type           Power      Damage    Failure   Level
a - Foxfire               Conj/Fire      100%       2x1d9     6%          1
b - Scorch                Fire           60%        2d7       7%          2
c - Volatile Blastmotes   Fire/Tloc      36%        2d13      22%         3

Your spell library contained the following spells:

 Spells                   Type           Power      Damage    Failure   Level
 Magic Dart               Conj           100%       1d8       7%          1
 Momentum Strike          Conj/Tloc      32%        3d8       16%         2
 Apportation              Tloc           12%        N/A       22%         1
 Inner Flame              Hex/Fire       18%        N/A       22%         3
 Flame Wave               Conj/Fire      28%        2d9       28%         4
 Blink                    Tloc           12%        N/A       32%         2
 Call Imp                 Summ           12%        N/A       32%         2
 Jinxbite                 Hex            12%        N/A       32%         2
 Lesser Beckoning         Tloc           12%        N/A       32%         2
 Ozocubu's Armour         Ice            6%         N/A       47%         3
 Alistair's Intoxication  Alch           4%         N/A       98%         5
 Metabolic Englaciation   Hex/Ice        3%         N/A       98%         5
 Sculpt Simulacrum        Ice/Alch       3%         N/A       100%        6


Dungeon Overview and Level Annotations

Branches:
Dungeon (3/15)

Altars:
Cheibriados


Message History

The toadstool is destroyed!
Your magical contamination has completely faded away.
Casting: Scorch (safe; 7% risk of failure)
Confirm with . or Enter, or press ? or * to list all spells.
Flames lash the slime creature.
The slime creature is lightly wounded.
The slime creature's fire resistance burns away.
A jelly comes into view.
The slime creature hits you.
You barely miss the slime creature.
The slime creature is lightly wounded.
A jelly comes into view.
The slime creature hits you!!
Ouch! That really hurt!
* * * LOW HITPOINT WARNING * * *
It was a potion of berserk rage.
A red film seems to cover your vision as you go berserk!
You feel yourself moving faster!
You feel mighty!
The energy of discovery flows from your fingertips!
You feel much better.
Two slime creatures merge to form a large slime creature.
You hit the large slime creature.
The large slime creature is lightly wounded.
You hit the large slime creature.
The large slime creature is lightly wounded.
The large slime creature is no longer more vulnerable to fire.
The large slime creature hits you!!
You hit the large slime creature.
The large slime creature is lightly wounded.
The jelly is no longer more vulnerable to fire.
The large slime creature hits you!
* * * LOW HITPOINT WARNING * * *
You hit the large slime creature.
The large slime creature is moderately wounded.
An endoplasm comes into view.
You hit the large slime creature but do no damage.
The large slime creature is moderately wounded.
The large slime creature hits you!!
Ouch! That really hurt!
You die...

.#.#.....##.##############.#
#.## ...########## ### #.#
#... ...# #######.## #.#
#### ..#######....#§#.# #.#
# ..# #.##.)...#.#)# #.#####
..###))......#'#.# #.....##
#))...'.......)#.# #......#
#####.)........#.# #.......
#.##.......#@# #.......
#####......##JJ..PPP
####.... ######## #J÷....
#.... ###### #.... ##.## #.#
#.


You could see a large slime creature, a jelly and an endoplasm.

Vanquished Creatures
  2 black bears (D:5)
  A centaur (D:5)
  4 kobold brigands (D:5)
  3 jellies (D:5)
  Natasha (thrice) (D:2)
  An iguana (D:5)
  2 orc wizards
  5 gnolls (D:2)
  5 adders
  2 ufetubi (D:5)
  7 orcs
  4 ball pythons (D:1)
  7 bats
  5 endoplasms
  2 giant cockroaches
  A goblin (D:2)
  A hobgoblin (D:1)
  5 kobolds
  3 quokkas (D:2)
  3 frilled lizards
  A rat (D:2)
67 creatures vanquished.

Vanquished Creatures (others)
  374 foxfires
374 creatures vanquished.

Grand Total: 441 creatures vanquished

Notes
Turn   | Place    | Note
-------+----------+-------------------------------------------
     0 | D:1      | Arctor the Deep Elf Fire Elementalist began the quest for
                  | the Orb.
     0 | D:1      | Reached XP level 1. HP: 10/10 MP: 6/6
   314 | D:1      | Reached XP level 2. HP: 15/15 MP: 5/8
   667 | D:1      | Learned a level 2 spell: Scorch
  1278 | D:2      | Reached XP level 3. HP: 11/19 MP: 3/9
  1435 | D:2      | Noticed Natasha
  1448 | D:2      | Killed Natasha
  1469 | D:2      | Noticed Natasha
  1478 | D:2      | Killed Natasha
  1479 | D:2      | Reached XP level 4. HP: 17/24 MP: 1/11
  1781 | D:2      | Noticed Natasha
  1784 | D:2      | Killed Natasha
  1785 | D:2      | Reached skill level 4 in Spellcasting
  1957 | D:2      | Reached XP level 5. HP: 28/28 MP: 4/13
  2912 | D:3      | Learned a level 3 spell: Volatile Blastmotes
  2971 | D:3      | Found the +1 Delatra's gloves {ID++}
  3051 | D:3      | You fall into a shaft and drop 2 floors!
  3051 | D:5      | Entered Level 5 of the Dungeon
  3208 | D:5      | Noticed a centaur
  3215 | D:5      | Killed a centaur
  3216 | D:5      | Reached XP level 6. HP: 28/32 MP: 9/14
  3252 | D:5      | Found a snail-covered altar of Cheibriados.
  3341 | D:5      | Reached skill level 5 in Spellcasting
  3532 | D:5      | Reached XP level 7. HP: 36/36 MP: 12/16
  3634 | D:5      | Reached skill level 5 in Stealth
  3831 | D:5      | Reached skill level 5 in Fire Magic
  3969 | D:5      | Reached skill level 5 in Dodging
  4138 | D:5      | Noticed a slime creature
  4140 | D:5      | Reached skill level 6 in Spellcasting
  4150 | D:5      | Demolished by a large slime creature

Illustrated notes

Levels and vault maps discovered:
D:1:      shiori_arrival_elements, layout_basic
D:2:      layout_loops_cross, nicolae_kite_square_tiling_tiny,
          minmay_box_of_dots, uniq_natasha
D:3:      layout_basic, lemuel_zombie_altar_yredelemnul,
          hellmonk_ecumenical_altar_pennies_from_heaven, serial_corexii_hall,
          corexii_hall_statues_u, corexii_hall_statues_s,
          corexii_hall_statues_x, chequers_hall_statues_corner_a,
          chequers_hall_statues_wall_a, corexii_hall_statues_x,
          columned_hall_lemuel, moated_statue, pf_guarded_unrand_delatra
D:5:      cheibrodos_fertilizer, layout_basic, kennysheep_mini,
          grunt_ministairs_14, minmay_misc_feat_tiny

Skill      XL: |  1  2  3  4  5  6  7 |
---------------+----------------------+-----
Stealth        | 3 4 5 |  5.7
Dodging        | 3 4 5 |  5.3
Conjurations   | 2 3 4 |  4.4
Spellcasting   | 4 5 6 |  6.0
Fire Magic     | 4 5 |  5.4

Action                     |  1- 3 |  4- 6 |  7- 9 || total
---------------------------+-------+-------+-------++-------
  Melee: Unarmed           |     1 |       |       ||     1
         Dagger            |       |       |     6 ||     6
   Cast: Foxfire           |    93 |   114 |    35 ||   242
         Scorch            |     3 |    11 |    22 ||    36
    Use: Scroll            |       |     4 |       ||     4
         Potion            |       |       |     3 ||     3
 Armour: Robe              |     9 |     5 |    23 ||    37
  Dodge: Dodged            |     6 |    14 |    25 ||    45
